 Dungeon Crawl Stone Soup version 0.30-a0-739-gea05faddec (webtiles) character file.

Game seed: 5100541843538108273

618 cforsyth the Firebug (level 7, -7/36 HPs)
             Began as a Tengu Fire Elementalist on Feb 4, 2023.
             Was an Initiate of Vehumet.
             Mangled by a gnoll
             ... wielding a +0 flail
             ... led by a gnoll bouda
              (10 damage)
             ... on level 5 of the Dungeon.
             The game lasted 00:05:31 (5837 turns).

cforsyth the Firebug (Tengu Fire Elementalist)      Turns: 5837, Time: 00:05:31

Health: -7/36      AC:  2    Str:  8    XL:     7   Next: 45%
Magic:  7/14       EV: 14    Int: 17    God:    Vehumet [......]
Gold:   239        SH:  0    Dex: 15    Spells: 12/15 levels left

rFire   . . .      SeeInvis .    (no weapon)
rCold   . . .      Faith    .    (no shield)
rNeg    . . .      Spirit   .    a - +0 robe
rPois   .          Reflect  .    (helmet restricted)
rElec   .          Harm     .    (no cloak)
rCorr   .          Rampage  .    (no gloves)
Will    .....                    (boots unavailable)
Stlth   ++                       (no amulet)
HPRegen 0.26/turn                (no ring)
MPRegen 0.14/turn                (no ring)

@: flying quickly and evasively, quick
A: beak, talons 3, nimble flight
a: Renounce Religion


You were on level 5 of the Dungeon.
You worshipped Vehumet.
Vehumet was noncommittal.
You visited 1 branch of the dungeon, and saw 5 of its levels.

You collected 239 gold pieces.

Inventory:

Armour
 a - a +0 robe (worn)
Wands
 l - a wand of quicksilver (10)
 n - a wand of paralysis (3)
Scrolls
 c - 7 scrolls of identify {unknown}
 g - 3 scrolls of immolation {unknown}
 j - 2 scrolls of teleportation {unknown}
 m - a scroll of amnesia {unknown}
Potions
 b - a potion of magic
 d - a potion of cancellation {unknown}
 e - 2 potions of haste {unknown}
 f - a potion of curing {unknown}
 h - a potion of heal wounds {unknown}
 i - 3 potions of mutation {unknown}
 k - 2 potions of attraction {unknown}


   Skills:
 - Level 2.1 Dodging
 - Level 2.0 Stealth
 + Level 4.5 Spellcasting
 + Level 5.9 Conjurations
 + Level 5.9 Fire Magic


You had 12 spell levels left.
You knew the following spells:

 Your Spells              Type           Power      Damage    Failure   Level
a - Foxfire               Conj/Fire      96%        2x1d8     1%          1
b - Scorch                Fire           48%        2d7       1%          2

Your spell library contained the following spells:

 Spells                   Type           Power      Damage    Failure   Level
 Inner Flame              Hex/Fire       13%        N/A       13%         3
 Flame Wave               Conj/Fire      24%        2d8       13%         4
 Kindle Blastsparks       Fire/Tloc/Air  20%        2d11      21%         3
 Frozen Ramparts          Ice            6%         1d1       41%         3
 Ice Form                 Ice/Tmut       3%         N/A       83%         4
 Summon Ice Beast         Ice/Summ       3%         N/A       83%         4


Dungeon Overview and Level Annotations

Branches:
Dungeon (5/15)
 Temple: D:4-7

Altars:
Qazlal
Vehumet
Yredelemnul
The Shining One


Innate Abilities, Weirdness & Mutations

You have a beak for a mouth.
You have claws for feet.
Your magical nature lets you fly swiftly and evasively.


Message History

You conjure some foxfire!
The foxfire hits the gnoll.
The gnoll is moderately wounded.
The foxfire hits the gnoll.
The gnoll is heavily wounded.
The gnoll bouda utters an invocation to its god.
The gnoll bouda is healed somewhat.
The gnoll barely misses you.
You conjure some foxfire!
The gnoll hits you from afar with a +0 spear.
The foxfire hits the gnoll!
The gnoll is heavily wounded.
The foxfire hits the gnoll but does no damage.
The gnoll is heavily wounded.
Casting: Foxfire (safe; 1% risk of failure)
Confirm with . or Enter, or press ? or * to list all spells.
Flames lash the gnoll bouda.
You kill the gnoll bouda!
Vehumet accepts your kill. The gnoll hits you with a +0 whip.
The gnoll hits you from afar with a +0 spear!
Casting: Scorch (safe; 1% risk of failure)
Confirm with . or Enter, or press ? or * to list all spells.
Flames lash the gnoll.
You kill the gnoll!
Vehumet accepts your kill. The gnoll barely misses you.
The gnoll hits you from afar with a +0 spear.
The gnoll attacks as you move away! The gnoll closely misses you.
The gnoll hits you with a +0 flail.
* * * LOW HITPOINT WARNING * * *
The gnoll hits you with a +0 flail!
* * * LOW HITPOINT WARNING * * *
The gnoll attacks as you move away! The gnoll barely misses you.
The gnoll is no longer moving quickly.
Casting: Scorch (safe; 1% risk of failure)
Confirm with . or Enter, or press ? or * to list all spells.
Flames lash the gnoll.
The gnoll is heavily wounded.
The gnoll's fire resistance burns away.
The gnoll hits you with a +0 flail!
You die...

#)..# #.#.# #...#
##.## ##.##
#...#######
#.#g......# ######
#..g#####.#######
.....# ###@#
#.......###
.#...### #.#
#......... .#.....#
#[# #.###...##
####...#
#.#####.##......
.#.....#
#.......#...#.##
.#...#########
#######.#...#.#
.............#
#.......#
##...#######.##
###...###
###########..######
#...#


You could see 2 gnolls.

Vanquished Creatures
  A black bear (D:4)
  An ogre (D:5)
  2 phantoms
  A hound (D:4)
  A gnoll bouda (D:5)
  2 iguanas (D:4)
  An orc wizard (D:3)
  2 gnolls (D:5)
  2 adders
  An adder zombie (D:4)
  2 worms (D:2)
  3 dart slugs
  10 orcs
  10 endoplasms
  2 giant cockroaches (D:2)
  5 goblins
  4 hobgoblins
  17 jackals
  2 quokkas
  10 ball pythons
  6 bats
  3 frilled lizards
  8 kobolds
  A quokka zombie (D:4)
  5 rats
  A butterfly (D:5)
103 creatures vanquished.

Vanquished Creatures (others)
  558 foxfires
558 creatures vanquished.

Grand Total: 661 creatures vanquished

Notes
Turn   | Place    | Note
-------+----------+-------------------------------------------
     0 | D:1      | cforsyth the Tengu Fire Elementalist began the quest for
                  | the Orb.
     0 | D:1      | Reached XP level 1. HP: 10/10 MP: 4/4
   114 | D:1      | Reached XP level 2. HP: 15/15 MP: 1/6
   614 | D:1      | Reached XP level 3. HP: 19/19 MP: 4/7
  1569 | D:2      | Found a faded altar of an unknown god.
  1987 | D:2      | Reached XP level 4. HP: 24/24 MP: 4/9
  2462 | D:2      | Found a glowing golden altar of the Shining One.
  3276 | D:3      | Found a radiant altar of Vehumet.
  3276 | D:3      | Found a stormy altar of Qazlal.
  3287 | D:3      | Became a worshipper of Vehumet
  4147 | D:4      | Gained mutation: Your magical nature lets you fly swiftly
                  | and evasively. [Tengu growth]
  4147 | D:4      | Reached XP level 5. HP: 28/28 MP: 7/10
  4148 | D:4      | Noticed a phantom
  4239 | D:3      | Killed a phantom
  4469 | D:4      | Reached XP level 6. HP: 32/32 MP: 5/12
  4744 | D:4      | Noticed a black bear
  4757 | D:4      | Killed a black bear
  4758 | D:4      | Reached skill level 5 in Fire Magic
  4934 | D:4      | Reached skill level 5 in Conjurations
  4941 | D:4      | Learned a level 2 spell: Scorch
  5046 | D:4      | Reached XP level 7. HP: 36/36 MP: 7/14
  5308 | D:4      | Found a basalt altar of Yredelemnul.
  5535 | D:5      | Entered Level 5 of the Dungeon
  5837 | D:5      | Mangled by a gnoll

Illustrated notes

Levels and vault maps discovered:
D:1:      nicolae_arrival_washed_ashore, layout_basic, minmay_bisected
D:2:      layout_basic, basic_altar, hellmonk_ecumenical_altar_zigzags,
          minmay_misc_feat_rugged, minmay_pentomino_x2
D:3:      layout_basic, chequers_temple_overflow_statue_of_worship
D:4:      layout_cave_pools, lemuel_zombie_altar_yredelemnul,
          serial_column_ruins, column_ruins_corridor_corner,
          column_ruins_columns_straight, column_ruins_open_small,
          column_ruins_columns_straight, column_ruins_open_tiny_water,
          column_ruins_grid_4, chequers_serial_rivers_large_b
D:5:      layout_loops_cross, minmay_temple_entry_butterflies

Skill      XL: |  1  2  3  4  5  6 |
---------------+-------------------+-----
Conjurations   | 2 3 4 5 |  5.9
Fire Magic     | 4 5 |  5.9
Spellcasting   | 3 4 |  4.5
Dodging        | |  2.1
Stealth        | |  2.0

Action                     |  1- 3 |  4- 6 |  7- 9 || total
---------------------------+-------+-------+-------++-------
  Melee: Unarmed           |       |     1 |     1 ||     2
         Kick              |       |       |     1 ||     1
   Cast: Foxfire           |   114 |   154 |    39 ||   307
         Scorch            |       |       |     6 ||     6
 Armour: Robe              |     3 |     9 |       ||    12
  Dodge: Dodged            |    12 |    25 |     8 ||    45

Table legend: (Time is in decaauts)
 A = Elapsed time spent in this place.
 B = Non-inter-level travel time spent in this place.
 C = Inter-level travel time spent in this place.
 D = Time resting spent in this place.
 E = Time spent auto-exploring this place.
 F = Levels seen in this place.
 G = Mean time per level.
                   A        B        C        D        E       F      G
               +--------+--------+--------+--------+--------+-----+--------+
         Total |   5760 |   5670 |     90 |    341 |   4637 |   5 | 1152.0 |
       Dungeon |   5760 |   5670 |     90 |    341 |   4637 |   5 | 1152.0 |
               +--------+--------+--------+--------+--------+-----+--------+

Top non-repeatable levels by time:
     D:2: 1880 daAuts
     D:1: 1330 daAuts
     D:4: 1169 daAuts
     D:3: 1093 daAuts
     D:5: 286 daAuts
